 Dungeon Crawl Stone Soup version 0.31-a0-1178-gc5c9b8f871 (webtiles) character file.

Game seed: 10216695573100875419

744 qw the Skirmisher (level 7, -3/44 HPs)
             Began as a Gargoyle Hunter on Dec 11, 2023.
             Slain by an iguana (4 damage)
             ... on level 5 of the Dungeon.
             The game lasted 00:01:16 (3184 turns).

qw the Skirmisher (Gargoyle Hunter)                 Turns: 3184, Time: 00:01:17

Health: -3/44      AC: 10    Str: 15    XL:     7   Next: 76%
Magic:  7/7        EV: 12    Int:  9    God:
Gold:   4          SH:  0    Dex: 15    Spells: 6/6 levels left

rFire   + . .        a - +2 shortbow (heavy)
rCold   . . .        (shield currently unavailable)
rNeg    + . .        c - +1 leather armour
rPois   inf          o - +0 helmet
rElec   +            (no cloak)
rCorr   +            (no gloves)
SInv    .            (no boots)
Will    .....        (no amulet)
Stlth   ++           h - ring of protection from fire
HPRegen 0.27/turn    k - ring of resist corrosion
MPRegen 0.10/turn

%: no passive effects
@: about to teleport
A: sickness immunity, AC +4, negative energy resistance 1, electricity
resistance, torment resistance 1, petrification resistance
a: no special abilities


You were on level 5 of the Dungeon.
You visited 1 branch of the dungeon, and saw 5 of its levels.

You collected 158 gold pieces.
You spent 154 gold pieces at shops.


Innate Abilities, Weirdness & Mutations

You are immune to sickness and miasma.
Your stone body is resilient. (AC +4)
You are immune to poison.
You resist negative energy. (rN+)
You are resistant to electric shocks. (rElec)
You are resistant to unholy torment.
You are immune to petrification.


   Skills:
 + Level 4.5 Fighting
 - Level 8.0 Ranged Weapons
 - Level 2.1 Armour
 - Level 2.0 Dodging
 - Level 1.1 Stealth


You had 6 spell levels left.
You didn't know any spells.
Your spell library was empty.

Inventory:

Hand Weapons
 a - a +2 heavy shortbow (weapon)
Armour
 c - a +1 leather armour (worn)
 o - a +0 helmet (worn)
Jewellery
 h - a ring of protection from fire (left hand)
 k - a ring of resist corrosion (right hand)
Wands
 i - a wand of flame (27)
Scrolls
 b - a scroll of teleportation
 d - a scroll of identify
Potions
 g - 2 potions of curing
 j - a potion of enlightenment

Dungeon Overview and Level Annotations

Branches:
Dungeon (5/15)
 Temple: D:4-7

Altars:

Shops:
D:4 [   D:5 ?


Message History

The kobold closely misses you. The iguana misses you.
The kobold brigand barely misses you. The kobold misses you.
You shoot an arrow. The arrow misses the kobold brigand.
The iguana barely misses you. The kobold barely misses you.
The kobold hits you with a +0 short sword.
The kobold brigand hits you but does no damage.
You shoot an arrow.
The arrow closely misses the kobold brigand.
The kobold barely misses you. The iguana closely misses you.
The kobold barely misses you. The kobold brigand barely misses you.
The kobold hits you with a +0 club. The iguana closely misses you.
The kobold brigand hits you with a +0 dagger.
The kobold closely misses you.
You shoot an arrow. The arrow hits the kobold brigand.
The kobold brigand is almost dead.
The kobold hits you with a +0 club. The iguana barely misses you.
The kobold barely misses you.
The kobold brigand hits you but does no damage.
You shoot an arrow.
The arrow closely misses the kobold brigand.
The kobold hits you but does no damage. The iguana misses you.
The kobold hits you but does no damage. The kobold brigand barely misses you.
The kobold hits you but does no damage. The iguana bites you.
The kobold brigand hits you but does no damage.
The kobold barely misses you.
3182 ||| READING 2 scrolls of teleportation.
As you read the scroll of teleportation, it crumbles to dust.
You feel strangely unstable. The kobold hits you but does no damage.
The iguana bites you but does no damage.
The kobold hits you with a +0 short sword.
The kobold brigand barely misses you.
You shoot an arrow. The arrow hits the kobold brigand!
You kill the kobold brigand!
The kobold hits you with a +0 club. The iguana bites you.
The kobold hits you with a +0 short sword.
You shoot an arrow. The arrow hits the iguana!
The iguana is severely wounded.
The kobold hits you but does no damage. The iguana bites you.
You die...

....# .... .....#...
. ...#.....
##..#..#.# ......#.##
###...#....#
####..........##
#....lKK.......#
l...##@).......# #..
#.........####
...###....[....>.# ..
.................
...##...............
....#............###.
................##
#.##...............
#................###


You could see an iguana and 2 kobolds.

Vanquished Creatures
  A phantom (D:5)
  A kobold brigand (D:5)
  A scorpion (D:5)
  A howler monkey (D:4)
  4 hounds
  2 sleepcaps (D:4)
  2 iguanas
  3 orc wizards
  7 gnolls (D:3)
  3 adders
  A dart slug (D:2)
  A worm (D:4)
  10 orcs
  8 ball pythons
  10 endoplasms
  3 giant cockroaches
  5 goblins
  8 hobgoblins
  2 jackals (D:1)
  4 quokkas
  12 bats
  4 frilled lizards
  4 kobolds
  7 rats
104 creatures vanquished.

Notes
Turn   | Place    | Note
-------+----------+-------------------------------------------
     0 | D:1      | qw the Gargoyle Hunter began the quest for the Orb.
     0 | D:1      | Reached XP level 1. HP: 12/12 MP: 1/1
     0 | D:1      | 0 ||| qw: Version: 0.3-a-106-g2cfff9e
     0 | D:1      | 0 ||| qw: Game counter: 2003
     0 | D:1      | 0 ||| qw: Melee chars always use a shield: true
     0 | D:1      | 0 ||| qw: God list: Okawaru
     0 | D:1      | 0 ||| qw: Allow faded altars: false
     0 | D:1      | 0 ||| qw: Do Orc after clearing Dungeon:15 true
     0 | D:1      | 0 ||| qw: Do second Lair branch before Depths: true
     0 | D:1      | 0 ||| qw: Lair rune preference: random
     0 | D:1      | 0 ||| qw: Goals: Normal, Save, Zot:1-4, Win
     0 | D:1      | 0 ||| PLANNING D:1-11
    86 | D:1      | Reached XP level 2. HP: 17/17 MP: 2/2
   231 | D:1      | Reached XP level 3. HP: 18/21 MP: 3/3
   257 | D:1      | Reached skill level 5 in Ranged Weapons
   293 | D:1      | Found a faded altar of an unknown god.
   736 | D:1      | 736 ||| UPGRADING to ring of protection from fire.
   737 | D:1      | 737 ||| READING scroll labelled FATI NUYPI.
   737 | D:1      | 737 ||| ENCHANTING +0 leather armour.
   738 | D:1      | 738 ||| READING scroll labelled ZOERHIGGUN.
   743 | D:1      | 743 ||| READING scroll labelled AGOASU FOEPH.
   744 | D:1      | 744 ||| READING scroll labelled LIADOT ARHEIPH.
   745 | D:1      | 745 ||| DRINKING 3 black potions.
   746 | D:1      | 746 ||| DROPPING scroll of butterflies.
  1002 | D:2      | Reached skill level 3 in Fighting
  1389 | D:2      | 1389 ||| READING 2 scrolls labelled ACZODGHOIPT.
  1389 | D:2      | 1389 ||| ENCHANTING +0 shortbow.
  1390 | D:2      | 1390 ||| READING scroll of enchant weapon.
  1390 | D:2      | 1390 ||| ENCHANTING +1 shortbow.
  1391 | D:2      | 1391 ||| READING scroll labelled KUBRAS LUSKA.
  1391 | D:2      | 1391 ||| BRANDING +2 shortbow.
  1392 | D:2      | 1392 ||| READING scroll labelled ISOKHO UPEJ.
  1393 | D:2      | 1393 ||| READING scroll labelled DUFASU YLOL.
  1468 | D:3      | Reached XP level 4. HP: 28/28 MP: 4/4
  1471 | D:3      | 1471 ||| DRINKING 2 potions of curing.
  1471 | D:3      | 1471 ||| (to cure confusion)
  1538 | D:3      | 1538 ||| RETREEAATING.
  1545 | D:3      | Reached XP level 5. HP: 32/32 MP: 5/5
  1556 | D:3      | Reached skill level 6 in Ranged Weapons
  2158 | D:3      | 2158 ||| DROPPING scarf of harm.
  2159 | D:3      | 2159 ||| READING scroll labelled EDOEKO AXZE.
  2230 | D:4      | Reached XP level 6. HP: 30/38 MP: 6/6
  2546 | D:4      | Found Qioxigh's Antique Armour Boutique.
  2561 | D:4      | 2561 ||| SHOPLISTING glowing hat (196 gold, have 147).
  2561 | D:4      | 2561 ||| BUYING helmet (126 gold).
  2561 | D:4      | Bought a helmet for 126 gold pieces
  2561 | D:4      | 2561 ||| SHOPLISTING runed hat (196 gold, have 21).
  2561 | D:4      | 2561 ||| SHOPLISTING runed scarf (224 gold, have 21).
  2561 | D:4      | 2561 ||| SHOPLISTING scorched leather armour (196 gold,
                  | have 21).
  2591 | D:4      | Reached skill level 7 in Ranged Weapons
  2912 | D:4      | 2912 ||| UPGRADING to +0 helmet.
  2917 | D:4      | 2917 ||| UPGRADING to ring of resist corrosion.
  2918 | D:4      | 2918 ||| DROPPING +6 ring of intelligence.
  2919 | D:4      | 2919 ||| READING scroll labelled SIFELUPPUM.
  2920 | D:4      | 2920 ||| READING 3 scrolls labelled UTUORE PONUFI.
  2920 | D:4      | 2920 ||| IDENTIFYING sedimented emerald potion
  2921 | D:4      | 2921 ||| READING 2 scrolls of identify.
  2921 | D:4      | 2921 ||| IDENTIFYING pink potion
  2922 | D:4      | 2922 ||| READING scroll of identify.
  2922 | D:4      | 2922 ||| IDENTIFYING lumpy clear potion
  2923 | D:4      | 2923 ||| READING scroll labelled WIHUSS PASK.
  3024 | D:4      | 3024 ||| DROPPING potion of degeneration.
  3025 | D:4      | 3025 ||| DROPPING potion of brilliance.
  3080 | D:5      | Entered Level 5 of the Dungeon
  3090 | D:5      | Reached XP level 7. HP: 43/43 MP: 7/7
  3145 | D:5      | Found Xyt Xiclira's Magic Scroll Emporium.
  3156 | D:5      | 3156 ||| SHOPLISTING scroll of enchant armour (105 gold,
                  | have 32).
  3156 | D:5      | 3156 ||| SHOPLISTING scroll of enchant weapon (105 gold,
                  | have 32).
  3156 | D:5      | 3156 ||| BUYING scroll of identify (28 gold).
  3156 | D:5      | Bought a scroll of identify for 28 gold pieces
  3156 | D:5      | 3156 ||| SHOPLISTING scroll of teleportation (42 gold, have
                  | 4).
  3172 | D:5      | 3172 ||| Stepping ~*~*~tactically~*~*~ (retreating).
  3174 | D:5      | Reached skill level 8 in Ranged Weapons
  3181 | D:5      | HP: 9/43 [iguana (5)]
  3182 | D:5      | 3182 ||| READING 2 scrolls of teleportation.
  3183 | D:5      | HP: 4/43 [iguana (2)]
  3183 | D:5      | HP: 1/43 [kobold/+0 short sword (3)]
  3184 | D:5      | Slain by an iguana

Levels and vault maps discovered:
D:1:      dpeg_arrival_chambers_temple_mockup, layout_loops_ring,
          shapermc_ecumenical_altar_ellora, minmay_surrounded
D:2:      layout_loops_ring
D:3:      layout_loops_ring
D:4:      layout_loops_ring, serial_shops, shop
D:5:      layout_cave_pools, serial_shops, shop_scrolls

Skill      XL: |  1  2  3  4  5  6  7 |
---------------+----------------------+-----
Ranged Weapons | 5 6 7 8 |  8.0
Fighting       | 3 4 |  4.5
Dodging        | 2 |  2.0
Armour         | 2 |  2.1
Stealth        | |  1.1

Action                     |  1- 3 |  4- 6 |  7- 9 || total
---------------------------+-------+-------+-------++-------
   Fire: Shortbow          |   126 |   126 |    41 ||   293
    Use: Scroll            |     9 |     6 |     1 ||    16
         Potion            |     1 |     1 |       ||     2
 Armour: Leather armour    |    28 |    48 |    38 ||   114
  Dodge: Dodged            |    30 |    30 |    40 ||   100

Table legend:
 A = Non-vault XP
 B = Vault XP
 C = Vault XP percentage of total XP
 D = Non-vault monster count
 E = Vault monster count
 F = Vault count percentage of total count
                 A         B        C        D         E       F
            +---------+---------+-------+---------+---------+-------
      Total |    1055 |       8 |   0.8 |      99 |       5 |   4.8
            +---------+---------+-------+---------+---------+-------
        D:1 |      47 |       8 |  14.5 |      28 |       5 |  15.2
        D:2 |      24 |       0 |   0.0 |      14 |       0 |   0.0
        D:3 |     234 |       0 |   0.0 |      29 |       0 |   0.0
        D:4 |     299 |       0 |   0.0 |      18 |       0 |   0.0
        D:5 |     451 |       0 |   0.0 |      10 |       0 |   0.0
            +---------+---------+-------+---------+---------+-------
